 Dungeon Crawl Stone Soup version 0.29.0-11-gd7f09526c8 (webtiles) character file.

Game seed: 16312379013842243936

99 sanka the Ducker (level 4, 0/21 HPs)
             Began as a Spriggan Transmuter on Sept 4, 2022.
             Was a Follower of Qazlal.
             Slain by Grinder (5 damage)
             ... on level 3 of the Dungeon.
             The game lasted 00:03:58 (2860 turns).

sanka the Ducker (Spriggan Transmuter)              Turns: 2860, Time: 00:03:58

Health: 0/21       AC:  2    Str:  6    XL:     4   Next: 45%
Magic:  8/9        EV: 19    Int: 16    God:    Qazlal [*.....]
Gold:   104        SH:  1    Dex: 15    Spells: 7/8 levels left

rFire   . . .      SeeInvis +     - Unarmed
rCold   . . .      Faith    .   (no shield)
rNeg    . . .      Spirit   .   a - +0 robe
rPois   .          Reflect  .   (helmet currently unavailable)
rElec   .          Harm     .   (no cloak)
rCorr   .          Rampage  .   (gloves unavailable)
Will    +....                   (boots unavailable)
Stlth   +.........              (no amulet)
HPRegen 0.07/turn               g - ring of flight
MPRegen 0.11/turn               j - ring of willpower

@: appendages, flying, very quick
A: horns 2, talons 2, very small, no large weapons, unfitting armour, see
invisible, speed 3
a: End Transformation, Renounce Religion


You were on level 3 of the Dungeon.
You worshipped Qazlal.
Qazlal was aware of your devotion.
You had temporarily grown beastly horns and talons.
You visited 1 branch of the dungeon, and saw 3 of its levels.

You collected 104 gold pieces.


Innate Abilities, Weirdness & Mutations

You have temporarily grown beastly horns and talons.
You are very small and have problems with some larger weapons.
You are too small for most types of armour.
You have supernaturally acute eyesight. (SInv)
You cover ground extremely quickly. (Speed+++)


   Skills:
 - Level 0.7 Fighting
 + Level 5.9 Dodging
 - Level 2.4 Unarmed Combat
 - Level 2.9 Spellcasting
 - Level 3.0 Transmutations
 - Level 0.5 Poison Magic


You had 7 spell levels left.
You knew the following spells:

 Your Spells              Type           Power      Damage    Failure   Level
z - Beastly Appendage     Tmut           24%        N/A       5%          1

Your spell library contained the following spells:

 Spells                   Type           Power      Damage    Failure   Level
 Wereblood                Tmut           12%        N/A       9%          2
 Spider Form              Tmut/Pois      8%         N/A       26%         3
 Static Discharge         Conj/Air       2%         3-4/arc   28%         2
 Ice Form                 Ice/Tmut       7%         N/A       69%         4
 Lightning Bolt           Conj/Air       1%         1d12      99%         5
 Maxwell's Capacitive Co  Air            1%         ∞         100%        8

Inventory:

Missiles
 l - 4 poisoned darts
Armour
 a - a +0 robe (worn)
Jewellery
 g - a ring of flight (left hand)
 j - a ring of willpower (right hand)
Scrolls
 c - 2 scrolls of teleportation {unknown}
 e - 2 scrolls of poison {unknown}
 f - a scroll of immolation {unknown}
 h - a scroll of blinking {unknown}
 n - a scroll of identify {unknown}
Potions
 b - a potion of lignification {!q}
 d - a potion of mutation {unknown}
 i - 2 potions of degeneration {unknown}
 k - a potion of berserk rage {unknown}
 m - 4 potions of heal wounds {unknown}
 o - 2 potions of curing {unknown}
 p - 2 potions of might {unknown}

Dungeon Overview and Level Annotations

Branches:
Dungeon (3/15)

Altars:
Qazlal

Shops:
D:1 (

Annotations:
D:2 Sigmund
D:3 Grinder

▒▒▒ .. ▒. .▒.▒
▒▒▒▒.▒▒▒▒▒▒▒▒.▒.▒▒
................▒
▒..5..........▒
▒..i..........▒
▒...☼.........▒
▒▒▒▒▒▒▒.............▒
....................▒
....................▒▒▒▒.
...................>....
.......▒......>........▒
.......+..........▒.▒▒▒▒▒▒
.......▒..................


You could see Grinder.


Message History

You hit Grinder but do no damage.
Grinder is moderately wounded.
Grinder blinks!
Unknown command.
Grinder says, "DUCK!"
Grinder gestures at you. Pain shoots through your body!
Unknown command.
Unknown command.
Unknown command.
You closely miss Grinder.
Grinder is moderately wounded.
Grinder misses you.
Unknown command.
You barely miss Grinder. You claw Grinder.
Grinder is heavily wounded.
Grinder gestures at you. You resist with almost no effort.
You closely miss Grinder.
Grinder is heavily wounded.
Grinder misses you.
Unknown command.
You closely miss Grinder. You headbutt Grinder.
Grinder is severely wounded.
Grinder hits you!
* * * LOW HITPOINT WARNING * * *
You writhe in agony.
You die...

Action                   |  1- 3 |  4- 6 || total
-------------------------+-------+-------++-------
Melee: Unarmed           |    99 |    20 ||   119
       Kick              |    23 |     4 ||    27
       Headbutt          |    16 |     6 ||    22
       Punch             |     2 |       ||     2
 Cast: Beastly Appendage |    24 |     5 ||    29
Armor: Robe              |     9 |     1 ||    10
Dodge: Dodged            |    88 |    10 ||    98
Block: Other             |       |     1 ||     1

Levels and vault maps discovered:
D:1:      minmay_arrival_radiant_lines, layout_basic, serial_shops,
          nicolae_shop_crystal, nrook_loot_triangle
D:2:      layout_loops_ring, nicolae_ecumenical_snake_handling, uniq_sigmund,
          uniq_jessica
D:3:      layout_basic, nicolae_concentric_dashed_squares_wild,
          kennysheep_generic_room_10, uniq_grinder

Notes
Turn   | Place    | Note
-------+----------+-------------------------------------------
     0 | D:1      | sanka the Spriggan Transmuter began the quest for the Orb.
     0 | D:1      | Reached XP level 1. HP: 9/9 MP: 5/5
   311 | D:1      | Reached skill level 3 in Transmutations
   352 | D:1      | Found Cumew's Antique Weapon Shoppe.
   483 | D:1      | Reached skill level 3 in Dodging
   483 | D:1      | Reached XP level 2. HP: 11/14 MP: 4/6
   852 | D:1      | Identified the +9 chain mail of the Other Side {Contam
                  | rElec rCorr Str+8}
  1150 | D:2      | Noticed Sigmund
  1427 | D:2      | Reached skill level 4 in Dodging
  1456 | D:2      | Found a faded altar of an unknown god.
  1480 | D:2      | Reached XP level 3. HP: 14/17 MP: 6/8
  1671 | D:2      | Reached skill level 5 in Dodging
  2206 | D:2      | Reached XP level 4. HP: 13/21 MP: 9/9
  2493 | D:2      | Noticed Jessica
  2499 | D:2      | Killed Jessica
  2540 | D:2      | Prayed at the altar of an unknown god.
  2540 | D:2      | Became a worshipper of Qazlal Stormbringer
  2540 | D:2      | Reached * piety under Qazlal
  2842 | D:3      | Noticed Grinder
  2860 | D:3      | Slain by Grinder

Vanquished Creatures
  Jessica (D:2)
  4 adders (D:2)
  5 ball pythons
  5 bats
  2 endoplasms
  2 giant cockroaches
  4 goblins (D:2)
  7 hobgoblins
  3 frilled lizards
  2 kobolds (D:1)
  2 rats
37 creatures vanquished.
